 Seeded DCSS version 0.31-a0-66-ge618eeaa78 (webtiles) character file.

Game seed: 12735965570273765983 (custom seed)

669 Pimp the Chopper (level 7, -7/64 HPs)
             Began as a Hill Orc Monk on May 22, 2023.
             Mangled by a troll (10 damage)
             ... on level 5 of the Dungeon.
             The game lasted 00:04:07 (2151 turns).

Pimp the Chopper (Hill Orc Monk)                    Turns: 2151, Time: 00:04:08

Health: -7/64      AC:  4    Str: 16    XL:     7   Next: 58%
Magic:  16/16      EV: 14    Int: 19    God:
Gold:   120        SH:  0    Dex: 17    Spells: 6/6 levels left

rFire   . . .        a - +0 hand axe
rCold   . . .        d - orb {light}
rNeg    . . .        b - +0 robe
rPois   +            h - +0 helmet of the Shoals {rPois Regen+ MP+9 Int+3 Stlth-}
rElec   .            (no cloak)
rCorr   .            j - +0 pair of gloves
SInv    .            (no boots)
Will    .....        (no amulet)
Stlth   +            e - ring of Impatience {Contam Int+6 Dex+4 Slay+2 Stlth+}
HPRegen 1.10/turn    (no ring)
MPRegen 0.15/turn

%: no passive effects
@: glowing
A: no striking features
a: no special abilities


You were on level 5 of the Dungeon.
You visited 1 branch of the dungeon, and saw 5 of its levels.
You also visited: Ossuary.

You collected 120 gold pieces.

Inventory:

Hand Weapons
 a - a +0 hand axe (weapon)
Armour
 b - a +0 robe (worn)
 d - an orb of light (worn)
 h - the +0 helmet of the Shoals (worn) {rPois Regen+ MP+9 Int+3 Stlth-}
   (You acquired it on level 1 of the Dungeon)

   Int:       It affects your intelligence (+3).
   rPois:     It protects you from poison.
   MP:        It affects your magic capacity (+9).
   Regen:     It increases your rate of health regeneration.
   Stlth:     It makes you less stealthy.
 j - a +0 pair of gloves (worn)
Jewellery
 e - the ring of Impatience (left hand) {Contam Int+6 Dex+4 Slay+2 Stlth+}
   (You acquired it on level 1 of the Dungeon)

   [ring of intelligence]

   Int:       It affects your intelligence (+6).
   Dex:       It affects your dexterity (+4).
   Slay:      It affects your accuracy & damage with ranged weapons and melee
   (+2).
   Contam:    It causes magical contamination when unequipped.
   Stlth:     It makes you more stealthy.
 l - a ring of magical power
 o - an amulet of the acrobat
 E - a +4 ring of slaying
Wands
 A - a wand of light (9)
 B - a wand of paralysis (11)
Scrolls
 f - 3 scrolls of identify {unknown}
 m - a scroll of amnesia {unknown}
 p - 2 scrolls of fog {unknown}
 q - 2 scrolls of blinking {unknown}
 u - a scroll of fear {unknown}
 v - a scroll of torment {unknown}
 y - a scroll of enchant weapon {unknown}
 D - a scroll of enchant armour {unknown}
Potions
 c - 2 potions of ambrosia
 g - 8 potions of degeneration
 i - a potion of berserk rage
 k - 6 potions of mutation
 n - a potion of curing {unknown}
 r - 2 potions of resistance {unknown}
 s - a potion of haste {unknown}
 t - a potion of brilliance {unknown}
 w - a potion of might {unknown}
 x - a potion of enlightenment {unknown}
 z - 2 potions of heal wounds {unknown}
 C - a potion of cancellation {unknown}


   Skills:
 + Level 6.7 Fighting
 + Level 7.2 Axes
 + Level 4.5 Dodging


You had 6 spell levels left.
You didn't know any spells.
Your spell library was empty.

Dungeon Overview and Level Annotations

Branches:
Dungeon (5/15)            Ossuary (visited)
 Temple: D:4-7

Altars:
Dithmenos
Fedhas
Hepliaklqana
Vehumet
Yredelemnul

Shops:
D:3 ?   D:4 =


Message History

You slash the dart slug!
You kill the dart slug!
Found a diamond ring.
You now have 109 gold pieces (gained 10).
E - a +4 ring of slaying You now have 120 gold pieces (gained 11).
An adder, an iguana and a troll come into view.
The troll shouts!
The iguana hisses angrily.
You hear a shout! x2
There are monsters nearby!
There are monsters nearby!
There are monsters nearby!
A centaur comes into view.
The centaur shouts!
The adder hisses angrily.
You hear a shout! x2
A scorpion comes into view.
An orc wizard comes into view. It is wielding a +0 dagger.
The troll closely misses you. x2; The troll claws you.
You hit the troll but do no damage. The troll barely misses you. x2
The troll claws you!
You barely miss the troll. The troll barely misses you. The troll claws you!
The troll claws you but does no damage.
You hit the troll.
The troll is lightly wounded.
You hit the troll.
The troll is lightly wounded.
The troll bites you. The troll closely misses you. The troll barely misses you.
You slash the troll!
The troll is heavily wounded.
The troll bites you! The troll claws you but does no damage.
The troll claws you.
You hit the troll.
The troll is heavily wounded.
The troll bites you. The troll closely misses you. The troll claws you.
You slash the troll!
The troll is severely wounded.
The troll barely misses you. The troll misses you. The troll claws you!
* * * LOW HITPOINT WARNING * * *
The troll attacks as you move away! The troll bites you!
* * * LOW HITPOINT WARNING * * *
The troll claws you!
You die... .. .# .. .# .. .# .###.## ..o.. slS

#T# #@#
#.###########
#...........#
#####.####.##
#.##...#
#.....##
#.##..#
#.....#
#####.#


You could see a troll, a scorpion, an iguana, an orc wizard and an adder.

Vanquished Creatures
  An ice beast (D:5)
  An elf zombie (D:4)
  A scorpion (D:5)
  A centaur zombie (D:4)
  2 hounds (D:4)
  2 jellies (D:4)
  A human zombie (D:4)
  Jessica (D:2)
  A human skeleton (D:4)
  An iguana (D:4)
  An orc wizard (D:3)
  4 mummies (Ossuary)
  3 adders
  An ufetubus (D:4)
  An adder zombie (D:4)
  A worm (D:2)
  2 dart slugs
  4 orcs
  5 endoplasms
  A giant cockroach (D:3)
  2 gnoll zombies (Ossuary)
  5 goblins
  7 hobgoblins
  7 jackals
  4 kobolds
  2 quokkas (D:4)
  3 ball pythons
  3 bats
  3 frilled lizards
  2 hobgoblin zombies (Ossuary)
  3 kobold zombies (Ossuary)
  3 orc skeletons (D:4)
  An orc zombie (Ossuary)
80 creatures vanquished.

Notes
Turn   | Place    | Note
-------+----------+-------------------------------------------
     0 | D:1      | Pimp the Hill Orc Monk began the quest for the Orb.
     0 | D:1      | Reached XP level 1. HP: 19/19 MP: 1/1
    49 | D:1      | Identified 2 scrolls of acquirement
    49 | D:1      | Acquired the +0 helmet of the Shoals {rPois Regen+ MP+9
                  | Int+3 Stlth-}
    51 | D:1      | Acquired the ring of Impatience {Contam Int+6 Dex+4 Slay+2
                  | Stlth+}
   153 | D:1      | Reached XP level 2. HP: 27/27 MP: 2/2
   165 | D:2      | Noticed Jessica
   176 | D:2      | Killed Jessica
   177 | D:2      | Reached XP level 3. HP: 26/33 MP: 3/3
   273 | D:3      | Reached XP level 4. HP: 39/41 MP: 4/4
   278 | D:3      | Reached skill level 5 in Axes
   411 | D:3      | Found Liryusam's Magic Scroll Emporium.
   612 | D:3      | Reached XP level 5. HP: 43/47 MP: 5/5
   718 | D:4      | Found a shadowy altar of Dithmenos.
   786 | D:4      | Reached skill level 5 in Fighting
   800 | D:4      | Found a sand-covered staircase.
   806 | Ossuary  | Entered an ossuary
  1130 | D:4      | Reached skill level 6 in Axes
  1130 | D:4      | Reached XP level 6. HP: 56/56 MP: 6/6
  1217 | D:4      | Found Elafyh's Jewellery Emporium.
  1304 | D:4      | Found a radiant altar of Vehumet.
  1628 | D:4      | Reached XP level 7. HP: 52/63 MP: 7/7
  1756 | D:4      | Found a basalt altar of Yredelemnul.
  1847 | D:4      | Found a blossoming altar of Fedhas.
  1847 | D:4      | Found a hazy altar of Hepliaklqana.
  2012 | D:5      | Entered Level 5 of the Dungeon
  2035 | D:5      | Reached skill level 7 in Axes
  2141 | D:5      | Noticed a troll
  2151 | D:5      | HP: 3/64 [troll (9)]
  2151 | D:5      | Mangled by a troll

Illustrated notes

Levels and vault maps discovered:
D:1:      dpeg_arrival_long_road, layout_loops_cross, hex_tiny
D:2:      layout_rooms, basic_altar, uniq_jessica
D:3:      layout_rooms, serial_shops, shop, st_stairs_8, grunt_ministairs_10
D:4:      layout_basic, vehumet_crystals, lemuel_zombie_altar_yredelemnul,
          nicolae_dithmenos_shadow_blocks, nicolae_overflow_two_pavilions,
          serial_shops, kennysheep_mini, nicolae_ossuary_entry_catacombs
D:5:      layout_basic, nicolae_uskayaw_suspiria, mainiacjoe_overflow_boulevard,
          minmay_temple_entry_slanted, minmay_manual_monstrance

Skill      XL: |  1  2  3  4  5  6  7 |
---------------+----------------------+-----
Fighting       | 4 5 6 |  6.7
Dodging        | 3 4 |  4.5
Axes           | 5 6 7 |  7.2

Action                     |  1- 3 |  4- 6 |  7- 9 || total
---------------------------+-------+-------+-------++-------
  Melee: Hand axe          |    38 |   180 |    40 ||   258
    Use: Scroll            |     2 |       |       ||     2
 Armour: Robe              |    11 |    36 |     8 ||    55
  Dodge: Dodged            |    36 |    97 |    29 ||   162

Table legend: (Time is in decaauts)
 A = Elapsed time spent in this place.
 B = Non-inter-level travel time spent in this place.
 C = Inter-level travel time spent in this place.
 D = Time resting spent in this place.
 E = Time spent auto-exploring this place.
 F = Levels seen in this place.
 G = Mean time per level.
                   A        B        C        D        E       F      G
               +--------+--------+--------+--------+--------+-----+--------+
         Total |   2152 |   2113 |     39 |     68 |   1360 |   6 |  358.7 |
       Dungeon |   1885 |   1846 |     39 |     32 |   1240 |   5 |  377.0 |
       Ossuary |    266 |    266 |      0 |     36 |    120 |   1 |  266.0 |
               +--------+--------+--------+--------+--------+-----+--------+

Top non-repeatable levels by time:
     D:4: 1056 daAuts
     D:3: 423 daAuts
 Ossuary: 266 daAuts
     D:1: 164 daAuts
     D:5: 137 daAuts
     D:2: 103 daAuts
